 Dungeon Crawl Stone Soup version 0.29.1-15-g9cfb28693d (webtiles) character file.

Game seed: 15239649583832970783

58 IndexError the Magician (level 4, -2/32 HPs)
             Began as a Gnoll Hedge Wizard on Mar 9, 2023.
             Slain by a gnoll
             ... wielding a +0 flail
              (5 damage)
             ... on level 2 of the Dungeon.
             The game lasted 00:03:13 (2053 turns).

IndexError the Magician (Gnoll Hedge Wizard)        Turns: 2053, Time: 00:03:14

Health: -2/32      AC:  3    Str: 10    XL:     4   Next: 1%
Magic:  3/13       EV: 13    Int: 15    God:
Gold:   50         SH:  0    Dex: 11    Spells: 16/17 levels left

rFire   . . .      SeeInvis .   a - +0 dagger
rCold   . . .      Faith    .   (no shield)
rNeg    . . .      Spirit   .   b - +0 robe
rPois   .          Reflect  .   c - +0 hat
rElec   .          Harm     .   (no cloak)
rCorr   .          Rampage  .   (no gloves)
Will    .....                   j - +0 pair of boots
Stlth   ++........              (no amulet)
HPRegen 0.10/turn               (no ring)
MPRegen 0.13/turn               (no ring)

@: no status effects
A: fangs 1, strong nose, distributed training
a: no special abilities


You were on level 2 of the Dungeon.
You visited 1 branch of the dungeon, and saw 2 of its levels.

You collected 50 gold pieces.

Inventory:

Hand Weapons
 a - a +0 dagger (weapon)
Missiles
 e - a poisoned dart
Armour
 b - a +0 robe (worn)
 c - a +0 hat (worn)
 j - a +0 pair of boots (worn)
   (You found it on level 1 of the Dungeon)
Scrolls
 f - a scroll of summoning {unknown}
 h - a scroll of poison {unknown}
 i - a scroll of identify {unknown}
 l - a scroll of noise {unknown}
Potions
 d - a potion of magic
 g - a potion of brilliance {unknown}
 k - a potion of flight {unknown}
 m - 3 potions of curing {unknown}


   Skills:
 + Level 1.0 Fighting
 + Level 1.0 Short Blades
 + Level 1.0 Long Blades
 + Level 1.0 Axes
 + Level 1.0 Maces & Flails
 + Level 1.0 Polearms
 + Level 1.0 Staves
 + Level 1.0 Ranged Weapons
 + Level 1.0 Throwing
 + Level 1.0 Armour
 + Level 4.6 Dodging
 + Level 4.2 Stealth
 + Level 1.0 Shields
 + Level 1.0 Unarmed Combat
 + Level 7.2 Spellcasting
 + Level 2.2 Conjurations
 + Level 0.8 Hexes
 + Level 2.2 Summonings
 + Level 0.8 Necromancy
 + Level 2.2 Translocations
 + Level 0.8 Transmutations
 + Level 0.8 Fire Magic
 + Level 0.8 Ice Magic
 + Level 0.8 Air Magic
 + Level 0.8 Earth Magic
 + Level 0.8 Poison Magic
 + Level 1.1 Invocations
 + Level 1.0 Evocations


You had 16 spell levels left.
You knew the following spells:

 Your Spells              Type           Power      Damage    Failure   Level
a - Magic Dart            Conj           48%        1d5       5%          1

Your spell library contained the following spells:

 Spells                   Type           Power      Damage    Failure   Level
 Blink                    Tloc           24%        N/A       8%          2
 Call Imp                 Summ           12%        N/A       8%          2
 Slow                     Hex            28%        N/A       10%         1
 Conjure Flame            Conj/Fire      9%         6-21      22%         3
 Mephitic Cloud           Conj/Pois/Air  9%         N/A       22%         3
 Irradiate                Conj/Tmut      4%         3d13      89%         5
 Blade Hands              Tmut           3%         N/A       95%         5
 Dragon Form              Tmut           3%         N/A       100%        7


Dungeon Overview and Level Annotations

Branches:
Dungeon (2/15)

Altars:


Innate Abilities, Weirdness & Mutations

You have very sharp teeth.
Your uncanny sense of smell can sniff out nearby items.
Your experience applies equally to all skills.


Message History

The slug dart misses you.
You now have 3/11 mp.
Aiming: Magic Dart (safe; 5% risk of failure)
Press: ? - help, Q - select action, (/) - cycle Shift-Dir - straight line, f/p - dart slug
Aim: a dart slug (almost dead, 100% to hit)
The magic dart hits the dart slug.
You now have 2/11 mp.
An endoplasm comes into view.
You regained 2 mp, and now have 4/11 mp.
An endoplasm is nearby!
Aiming: Magic Dart (safe; 5% risk of failure)
Press: ? - help, Q - select action, (/) - cycle Shift-Dir - straight line, f - endoplasm
Aim: an endoplasm (wandering, hasn't noticed you, 100% to hit)
The magic dart hits the endoplasm.
You now have 3/11 mp.
Aiming: Magic Dart (safe; 5% risk of failure)
Press: ? - help, Q - select action, (/) - cycle Shift-Dir - straight line, f/p - endoplasm
Aim: an endoplasm (lightly wounded, 100% to hit)
The magic dart hits the endoplasm.
You now have 2/11 mp.
Aiming: Magic Dart (safe; 5% risk of failure)
Press: ? - help, Q - select action, (/) - cycle Shift-Dir - straight line, f/p - endoplasm
Aim: an endoplasm (heavily wounded, 100% to hit)
The magic dart hits the endoplasm.
The endoplasm hits you but does no damage.
You now have 1/11 mp.
Aiming: Magic Dart (safe; 5% risk of failure)
Press: ? - help, Q - select action, (/) - cycle Shift-Dir - straight line, f/p - endoplasm
Aim: an endoplasm (almost dead, 100% to hit)
The magic dart hits the endoplasm.
You have reached level 4!
You feel stronger.
You regained 6 hp, and now have 30/32 hp.
You now have 0/13 mp.
A gnoll comes into view. It is wielding a +0 flail.
Health restored: 32 You regained 8 mp, and now have 8/13 mp.
Throw: 5 darts (poison)
Press: ? - help, Shift-Dir - straight line, f - gnoll
Aim: a gnoll, wielding a +0 flail (wandering, hasn't noticed you, 58% to hit)
You throw a poisoned dart. The poisoned dart hits the gnoll.
The gnoll shouts!
You hear a shout!
Throw: 4 darts (poison)
Press: ? - help, Shift-Dir - straight line, f/p - gnoll
Aim: a gnoll, wielding a +0 flail (58% to hit)
You throw a poisoned dart.
The poisoned dart closely misses the gnoll.
Throw: 3 darts (poison)
Press: ? - help, Shift-Dir - straight line, f/p - gnoll
Aim: a gnoll, wielding a +0 flail (58% to hit)
You throw a poisoned dart.
The poisoned dart closely misses the gnoll.
The gnoll hits you with a +0 flail.
You take 4 damage, and have 28/32 hp.
Throw: 2 darts (poison)
Press: ? - help, Shift-Dir - straight line, f/p - gnoll
Aim: a gnoll, wielding a +0 flail (58% to hit)
You throw a poisoned dart.
The poisoned dart barely misses the gnoll.
The gnoll hits you with a +0 flail.
You take 5 damage, and have 23/32 hp.
Aiming: Magic Dart (safe; 5% risk of failure)
Press: ? - help, Q - select action, (/) - cycle Shift-Dir - straight line, f/p - gnoll
Aim: a gnoll, wielding a +0 flail (100% to hit)
The magic dart hits the gnoll.
The gnoll hits you with a +0 flail.
You take 1 damage, and have 22/32 hp.
You now have 8/13 mp.
Aiming: Magic Dart (safe; 5% risk of failure)
Press: ? - help, Q - select action, (/) - cycle Shift-Dir - straight line, f/p - gnoll
Aim: a gnoll, wielding a +0 flail (moderately wounded, 100% to hit)
The magic dart hits the gnoll.
The gnoll hits you with a +0 flail!
You take 9 damage, and have 13/32 hp.
MASSIVE DAMAGE!!
You now have 7/13 mp.
Aiming: Magic Dart (safe; 5% risk of failure)
Press: ? - help, Q - select action, (/) - cycle Shift-Dir - straight line, f/p - gnoll
Aim: a gnoll, wielding a +0 flail (moderately wounded, 100% to hit)
The magic dart hits the gnoll.
The gnoll closely misses you.
You now have 6/13 mp.
Aiming: Magic Dart (safe; 5% risk of failure)
Press: ? - help, Q - select action, (/) - cycle Shift-Dir - straight line, f/p - gnoll
Aim: a gnoll, wielding a +0 flail (heavily wounded, 100% to hit)
The magic dart hits the gnoll.
A gnoll comes into view. It is wielding a +0 flail.
The gnoll hits you with a +0 flail!
* * * LOW HITPOINT WARNING * * *
You take 10 damage, and have 3/32 hp.
MASSIVE DAMAGE!!
You now have 5/13 mp.
Aiming: Magic Dart (safe; 5% risk of failure)
Press: ? - help, Q - select action, (/) - cycle Shift-Dir - straight line, f/p - gnoll
Aim: a gnoll, wielding a +0 flail (severely wounded, 100% to hit)
The magic dart hits the gnoll but does no damage.
The gnoll shouts!
The gnoll closely misses you.
You now have 4/13 mp.
Aiming: Magic Dart (safe; 5% risk of failure)
Press: ? - help, Q - select action, (/) - cycle Shift-Dir - straight line, f/p - gnoll
Aim: a gnoll, wielding a +0 flail (severely wounded, 100% to hit)
The magic dart hits the gnoll.
The gnoll hits you with a +0 flail.
You die...

## #. #.### #...
########## #... #
#........#.##r###.#
#.######†#........#
#.# #.####(#####
#######.# #..@gg.#
........# ########
#########


You could see 2 gnolls.

Vanquished Creatures
  A gnoll (D:2)
  A worm (D:2)
  A dart slug (D:2)
  2 ball pythons (D:1)
  3 bats (D:2)
  2 endoplasms (D:2)
  A giant cockroach (D:1)
  3 goblins (D:1)
  3 hobgoblins
  7 jackals (D:1)
  3 quokkas
  3 frilled lizards (D:1)
  3 kobolds (D:1)
  6 rats (D:1)
39 creatures vanquished.

Notes
Turn   | Place    | Note
-------+----------+-------------------------------------------
     0 | D:1      | IndexError the Gnoll Hedge Wizard began the quest for the
                  | Orb.
     0 | D:1      | Reached XP level 1. HP: 13/13 MP: 8/8
   195 | D:1      | Reached skill level 2 in Conjurations
   195 | D:1      | Reached skill level 2 in Summonings
   195 | D:1      | Reached skill level 2 in Translocations
   245 | D:1      | Reached XP level 2. HP: 19/19 MP: 10/10
   270 | D:1      | HP: 5/20 [quokka (1)]
   271 | D:1      | HP: 2/20 [quokka (3)]
   999 | D:1      | Reached XP level 3. HP: 24/25 MP: 8/11
  1435 | D:2      | Reached skill level 1 in Invocations
  1957 | D:2      | Reached skill level 1 in Fighting
  1957 | D:2      | Reached skill level 1 in Short Blades
  1957 | D:2      | Reached skill level 1 in Long Blades
  1957 | D:2      | Reached skill level 1 in Axes
  1957 | D:2      | Reached skill level 1 in Maces & Flails
  1957 | D:2      | Reached skill level 1 in Polearms
  1957 | D:2      | Reached skill level 1 in Staves
  1957 | D:2      | Reached skill level 1 in Ranged Weapons
  1957 | D:2      | Reached skill level 1 in Throwing
  1957 | D:2      | Reached skill level 1 in Armour
  1957 | D:2      | Reached skill level 1 in Shields
  1957 | D:2      | Reached skill level 1 in Unarmed Combat
  1957 | D:2      | Reached skill level 1 in Evocations
  1983 | D:2      | Reached XP level 4. HP: 30/32 MP: 0/13
  2051 | D:2      | HP: 3/32 [gnoll/+0 flail (10)]
  2053 | D:2      | Slain by a gnoll

Illustrated notes

Levels and vault maps discovered:
D:1:      onia_arrival_mini_spirals, layout_basic
D:2:      layout_basic

Skill      XL: |  1  2  3 |
---------------+----------+-----
Conjurations   | 2 |  2.2
Summonings     | 2 |  2.2
Translocations | 2 |  2.2
Invocations    | 1 |  1.1
Fighting       | 1 |  1.0
Short Blades   | 1 |  1.0
Long Blades    | 1 |  1.0
Axes           | 1 |  1.0
Maces & Flails | 1 |  1.0
Polearms       | 1 |  1.0
Staves         | 1 |  1.0
Ranged Weapons | 1 |  1.0
Throwing       | 1 |  1.0
Armour         | 1 |  1.0
Shields        | 1 |  1.0
Unarmed Combat | 1 |  1.0
Evocations     | 1 |  1.0
Dodging        | |  4.6
Stealth        | |  4.2
Spellcasting   | |  7.2
Hexes          | |  0.8
Necromancy     | |  0.8
Transmutations | |  0.8
Fire Magic     | |  0.8
Ice Magic      | |  0.8
Air Magic      | |  0.8
Earth Magic    | |  0.8
Poison Magic   | |  0.8

Action                   |  1- 3 |  4- 6 || total
-------------------------+-------+-------++-------
Melee: Dagger            |    33 |       ||    33
       Punch             |     1 |       ||     1
       Bite              |     1 |       ||     1
Throw: Dart              |     7 |     4 ||    11
 Cast: Magic Dart        |    92 |     6 ||    98
 Stab: Sleeping          |     2 |       ||     2
Armor: Robe              |    22 |       ||    22
Dodge: Dodged            |    38 |     2 ||    40

Table legend: (Time is in decaauts)
 A = Elapsed time spent in this place.
 B = Non-inter-level travel time spent in this place.
 C = Inter-level travel time spent in this place.
 D = Time resting spent in this place.
 E = Time spent auto-exploring this place.
 F = Levels seen in this place.
 G = Mean time per level.
                   A        B        C        D        E       F      G
               +--------+--------+--------+--------+--------+-----+--------+
         Total |   2051 |   1938 |    113 |      0 |   1692 |   2 | 1025.5 |
       Dungeon |   2051 |   1938 |    113 |      0 |   1692 |   2 | 1025.5 |
               +--------+--------+--------+--------+--------+-----+--------+

Top non-repeatable levels by time:
     D:1: 1349 daAuts
     D:2: 702 daAuts

Table legend:
 A = Kills in this place as a percentage of kills in entire the game.
 B = Kills by you in this place as a percentage of kills by you in the entire game.
 C = Kills by friends in this place as a percentage of kills by friends in the entire game.
 D = Other kills in this place as a percentage of other kills in the entire game.
 E = Experience gained in this place as a percentage of experience gained in the entire game.
 F = Experience gained in this place divided by the number of levels of this place that you have seen.
                   A       B       C       D       E      F
               +-------+-------+-------+-------+-------+----------------------
         Total | 100.0 | 100.0 |   N/A |   N/A | 100.0 |  41.5
       Dungeon | 100.0 | 100.0 |   N/A |   N/A | 100.0 |  41.5
               +-------+-------+-------+-------+-------+----------------------
